Map: 2000 Atmospheres LE

Players

ftwoamove - Winner!

  • Race: Terran Terran
  • League: Platinum
  • Spawn Location: 3:00

Ruslanka

  • Race: Terran Terran
  • League: Platinum
  • Spawn Location: 7:00

VOD

Have the link to the VOD?

Description

Time

  • Played on: May 22, 2022, 4:14 p.m.
  • Length: 26:28
Show
View Real Time Build Order
Export as new Build Order

ftwoamove Terran - Winner!

Build Orders:  

Get SALT Encoding   

  12  0:00  SCV  
  13  0:12  SCV  
  14  0:19  Supply Depot  
  14  0:24  SCV  
  15  0:40  SCV  
  15  0:41  Barracks  
  16  0:50  Refinery  
  16  0:52  SCV  
  17  1:04  SCV  
  18  1:16  SCV  
  19  1:29  Orbital Command  
  19  1:30  Marine  
  20  1:45  Command Center  
  20  1:51  Barracks Reactor  
  20  1:58  Supply Depot  
  21  2:08  SCV  
  21  2:20  SCV  
  22  2:27  Factory  
  22  2:28  Marine  
  22  2:29  Marine  
  24  2:32  SCV  
  24  2:44  SCV  
  25  2:57  SCV  
  26  2:58  Barracks  
  26  2:59  Supply Depot  
  26  3:00  Orbital Command  
  26  3:09  SCV  
  26  3:12  Factory Tech Lab  
  27  3:19  Starport  
  27  3:21  SCV  
  27  3:22  Refinery  
  28  3:27  SCV  
  28  3:33  SCV  
  30  3:39  SCV  
  31  3:45  SCV  
  32  3:51  SCV  
  32  3:55  Siege Tank  
  36  3:57  SCV  
  36  4:00  Marine x2  
  36  4:01  Barracks Tech Lab  
  39  4:03  Starport Reactor, SCV  
  39  4:09  SCV  
  41  4:15  SCV  
  42  4:21  SCV  
  42  4:22  Command Center  
  42  4:24  Marine x2  
  43  4:25  Stimpack  
  43  4:27  SCV  
  46  4:33  SCV  
  46  4:35  Marauder  
  49  4:39  SCV  
  50  4:45  SCV  
  50  4:47  Refinery  
  50  4:49  Marine x2  
  50  4:50  Refinery  
  50  4:52  SCV  
  54  4:55  Supply Depot  
  54  4:59  Supply Depot  
  54  5:10  Engineering Bay x2  
  54  5:14  Supply Depot  
  54  5:16  Medivac x2, SCV x2  
  60  5:21  Marine x2  
  62  5:28  SCV x2  
  64  5:37  Supply Depot  
  64  5:40  SCV  
  64  5:41  SCV  
  66  5:45  Marine x3  
  66  5:46  Siege Tank  
  72  5:53  SCV x2  
  72  6:04  Marauder  
  73  6:08  Terran Infantry Weapons Level 1, Terran Infantry Armor Level 1  
  73  6:10  Orbital Command  
  73  6:11  SCV x2  
  75  6:19  Siege Tank  
  75  6:20  Marine x2  
  75  6:21  Medivac x2  
  75  6:23  SCV  
  75  6:24  Marine, SCV  
  87  6:36  SCV x2  
  89  6:40  Barracks  
  89  6:43  Marauder  
  89  6:45  SCV  
  92  6:48  SCV x2  
  92  6:51  Refinery  
  94  6:54  Armory  
  94  6:58  SCV  
  94  7:00  SCV x2  
  97  7:09  Marine x3  
  97  7:10  SCV  
  101  7:19  Command Center, Supply Depot  
  101  7:21  Supply Depot  
  101  7:24  SCV x3  
  101  7:27  Marine x3  
  101  7:29  Refinery  
  107  7:31  Combat Shield  
  107  7:36  SCV x2  
  109  7:40  SCV  
  110  7:45  Marine x3  
  110  7:48  SCV x2  
  115  7:52  SCV  
  110  8:00  SCV x2  
  110  8:03  Marine x3  
  115  8:08  Siege Tank  
  115  8:09  Medivac x2  
  122  8:14  Barracks Tech Lab  
  122  8:20  Marine x3  
  122  8:24  Terran Vehicle Weapons Level 1  
  125  8:31  Command Center, SCV x3  
  128  8:38  Marine x3  
  128  8:39  Medivac  
  124  8:42  Command Center  
  124  8:43  SCV  
  124  8:48  Missile Turret  
  124  8:49  Missile Turret  
  124  8:50  Missile Turret x2  
  124  8:54  Marine, SCV x2  
  124  8:55  Missile Turret, SCV  
  128  8:56  Marine x3, Missile Turret  
  128  8:58  Thor  
  128  9:00  Medivac  
  139  9:06  SCV, Terran Infantry Weapons Level 2  
  139  9:08  Concussive Shells  
  140  9:41  Marine  
  140  9:42  Marine x2, Thor, Medivac x2, Terran Infantry Armor Level 2  
  140  9:43  Marine, SCV x3  
  140  9:44  Barracks  
  155  9:45  Barracks  
  155  9:55  SCV x2  
  155  9:59  Marine, Barracks x2  
  158  10:00  Marine x2, Planetary Fortress  
  158  10:01  Marine, Barracks x2  
  158  10:05  SCV  
  162  10:07  Planetary Fortress  
  162  10:12  Medivac  
  164  10:17  Marine  
  164  10:18  Marine x2  
  164  10:19  Marine  
  168  10:35  Marine, Barracks  
  169  10:36  Marine  
  169  10:37  Barracks x2  
  169  10:40  Barracks  
  169  10:41  Barracks  
  170  10:57  Marine x2  
  170  11:00  Marine x2  
  170  11:03  Marine  
  170  11:05  Marine  
  170  11:08  Marine  
  170  11:20  Marine x2  
  170  11:22  Marine x5  
  170  11:23  Marine x2  
  170  11:24  Barracks  
  162  11:26  Marine  
  162  11:28  Barracks  
  153  11:38  Marine x2, Supply Depot  
  155  11:40  Marine x5, Planetary Fortress  
  155  11:41  Marine x2, Supply Depot, SCV x2  
  155  11:42  Supply Depot  
  155  11:43  Marine  
  155  11:44  Supply Depot  
  160  11:56  Marine x2  
  160  11:58  Marine x7  
  163  12:01  Marine  
  164  12:14  Marine x2  
  166  12:15  Marine x3  
  166  12:16  Marine x4  
  166  12:19  Marine  
  168  12:27  Barracks Tech Lab x2  
  167  12:31  Marine x2  
  167  12:33  Marine x2  
  167  12:34  Marine x2  
  167  12:35  Barracks Tech Lab  
  174  12:37  Barracks Tech Lab x2  
  174  12:39  Terran Infantry Armor Level 3, Barracks Tech Lab, Terran Infantry Weapons Level 3  
  174  12:41  Terran Vehicle Weapons Level 2, Barracks Reactor  
  172  12:50  Barracks Reactor x4  
  168  12:56  Marine x11  
  179  13:13  Marine x4  
  179  13:14  Marine x2  
  179  13:15  Command Center  
  155  13:56  Marine x5  
  155  13:57  Marine x5, Marauder x2  
  155  13:58  Marauder x3, Marine x4  
  155  13:59  Marauder x2, Thor  
  155  14:00  Medivac x2  
  164  14:18  Marine x16  
  174  14:25  Marine x6  
  174  14:30  Medivac  
  182  14:36  Marine x8  
  190  14:42  Thor, Armory  
  190  14:45  Factory  
  196  14:46  Starport  
  196  14:50  Refinery  
  196  14:57  Terran Vehicle And Ship Armor Level 1  
  196  14:59  Refinery  
  196  15:00  Refinery  
  196  15:16  Hi-Sec Auto Tracking, Neosteel Armor  
  194  15:25  Thor  
  189  15:35  Marine x3  
  162  15:36  Marine x8  
  162  15:37  Marauder x3, Marine x8  
  162  15:39  Medivac x2  
  178  15:50  Factory Tech Lab  
  178  15:51  Starport Reactor  
  178  15:53  Marine x2  
  180  16:03  Planetary Fortress  
  180  16:05  Command Center  
  180  16:07  Thor  
  180  16:09  Medivac x2  
  190  16:16  Marauder x5  
  200  16:27  Terran Vehicle Weapons Level 3  
  200  16:39  Medivac x2  
  187  16:50  Thor  
  187  16:53  Marine x22  
  169  16:55  Thor  
  169  16:56  Medivac x2  
  159  17:09  Medivac x2  
  159  17:10  Marine x4  
  159  17:11  Marine x10  
  159  17:12  Marauder x3  
  183  17:20  Command Center  
  183  17:21  Command Center  
  183  17:25  Command Center  
  183  17:26  Medivac  
  183  17:28  Command Center, Marine x4  
  183  17:29  Command Center, Marauder  
  185  17:30  Liberator  
  185  17:33  Marauder x2, Thor, Marine x2  
  195  17:59  Missile Turret  
  195  18:19  Missile Turret  
  139  18:35  Marauder x4, Marine x7  
  139  18:36  Marauder, Marine x10  
  139  18:37  Siege Tank x2  
  170  18:41  Liberator, Medivac x2  
  170  18:42  Liberator  
  180  18:51  Orbital Command  
  180  18:52  Orbital Command  
  180  18:59  Orbital Command  
  180  19:00  Orbital Command  
  180  19:01  Orbital Command  
  178  19:07  Missile Turret  
  178  19:09  Siege Tank  
  170  19:42  Siege Tank  
  165  19:56  Marine x5  
  165  19:57  Marauder x4  
  165  19:58  Marauder x4  
  175  20:07  Viking  
  175  20:08  Viking  
  175  20:09  Marine x9  
  175  20:14  Marine x5, Siege Tank  
  191  20:18  Marine x5  
  190  20:37  Viking x2  
  190  20:41  Missile Turret  
  191  20:46  Siege Tank  
  159  21:00  Marine x12  
  156  21:50  Marine x16  
  156  21:51  Marine x6  
  156  21:53  Thor  
  180  21:54  Viking x2  
  181  22:07  Marine x3  
  181  22:08  Marine x12  
  191  22:09  Marauder x2  
  191  22:24  Viking x2  
  191  22:25  Marine x7  
  187  22:32  Marine x12  
  187  22:33  Marine x3  
  187  22:34  Orbital Command  
  198  22:43  Marine x4  
  200  22:46  Orbital Command  
  200  22:54  Orbital Command  
Show
View Real Time Build Order
Export as new Build Order

Ruslanka Terran 

Build Orders:  

Get SALT Encoding   

  12  0:10  Supply Depot  
  12  0:13  SCV  
  13  0:25  SCV  
  14  0:33  Barracks  
  14  0:37  SCV  
  15  0:49  SCV  
  16  1:01  SCV  
  17  1:14  SCV  
  18  1:25  Command Center  
  18  1:27  SCV  
  19  1:49  SCV  
  19  1:52  Marine  
  21  1:54  Refinery  
  21  1:58  Refinery  
  21  2:05  Barracks  
  21  2:07  Orbital Command  
  21  2:11  Marine  
  22  2:20  Supply Depot  
  22  2:31  Marine  
  23  2:39  Orbital Command  
  23  2:43  Refinery  
  23  2:48  Marine, SCV  
  25  2:55  Barracks Tech Lab  
  25  3:00  Factory  
  25  3:02  Refinery, SCV  
  26  3:16  Barracks  
  26  3:19  Marine x2  
  28  3:21  Stimpack  
  28  3:24  SCV  
  28  3:25  SCV  
  30  3:40  SCV x2  
  32  3:42  Marine x2  
  32  3:44  Starport  
  32  3:47  Factory Reactor  
  34  3:52  SCV  
  34  3:53  SCV  
  36  4:01  Marine x2  
  39  4:12  Barracks Reactor  
  39  4:14  SCV x2  
  40  4:22  Marine  
  40  4:23  Marine, Engineering Bay  
  42  4:28  Engineering Bay  
  42  4:32  Medivac  
  42  4:33  Medivac  
  46  4:48  Supply Depot  
  46  4:52  Marine x4, SCV x2  
  52  4:56  Widow Mine  
  54  5:06  Combat Shield  
  54  5:10  Marine  
  55  5:16  Viking x2  
  59  5:24  Command Center  
  59  5:32  Widow Mine  
  59  5:35  Marine  
  62  5:41  Terran Infantry Weapons Level 1, Terran Infantry Armor Level 1  
  62  5:52  Marine  
  62  5:53  Marine  
  62  5:54  Marine x2  
  48  6:08  SCV  
  48  6:09  SCV  
  50  6:20  SCV  
  50  6:21  SCV  
  50  6:22  Factory Tech Lab  
  52  6:33  SCV x2  
  52  6:34  Command Center, Viking x2  
  52  6:39  Orbital Command  
  58  6:45  SCV x2  
  63  6:47  Siege Tank  
  63  6:57  SCV  
  64  7:19  Siege Tank  
  67  7:31  Command Center  
  67  7:41  Marine x3, Command Center  
  67  7:42  Viking x2  
  74  8:12  Planetary Fortress  
  74  8:50  Refinery  
  74  8:51  Refinery  
  74  8:53  Missile Turret  
  74  8:55  Missile Turret  
  74  9:00  SCV  
  74  9:01  SCV x2, Siege Tank  
  80  9:08  Missile Turret  
  80  9:15  Command Center  
  80  9:19  SCV x3  
  83  9:28  Refinery  
  83  9:30  Missile Turret  
  82  9:32  Missile Turret  
  82  9:33  Refinery, Sensor Tower  
  82  9:34  Planetary Fortress  
  80  9:39  Hi-Sec Auto Tracking  
  80  9:40  Neosteel Armor  
  79  9:53  SCV  
  79  9:54  SCV x2  
  82  10:02  SCV  
  82  10:06  SCV x2  
  85  10:27  Planetary Fortress  
  85  10:34  SCV  
  85  10:35  Missile Turret, SCV x3  
  89  10:42  Orbital Command  
  89  10:47  SCV x3  
  92  10:50  Armory x2  
  92  10:52  Siege Tank  
  92  10:54  Fusion Core  
  95  10:57  Missile Turret  
  95  11:00  Barracks Tech Lab  
  93  11:24  Siege Tank  
  59  12:15  SCV  
  59  12:16  SCV x5  
  62  12:25  Siege Tank  
  62  12:28  SCV x5  
  70  12:42  SCV  
  70  12:43  Refinery  
  70  12:44  Command Center  
  71  12:45  Refinery  
  71  12:47  Missile Turret x2  
  71  12:54  SCV  
  71  12:57  Siege Tank  
  70  13:06  SCV  
  70  13:12  Command Center  
  71  13:18  SCV  
  71  13:19  Factory  
  72  13:22  Factory  
  72  13:29  Siege Tank  
  72  13:30  Factory, SCV  
  72  13:32  Factory  
  76  13:43  Terran Vehicle Weapons Level 1, Terran Vehicle And Ship Armor Level 1  
  63  14:01  Siege Tank  
  59  14:14  Hellion x2  
  59  14:15  Hellion  
  57  14:33  Siege Tank  
  57  14:35  Factory Tech Lab  
  57  14:36  Factory Tech Lab  
  57  14:37  Factory Tech Lab x2  
  58  14:55  Siege Tank x3  
  58  14:58  Planetary Fortress  
  67  15:05  Cyclone  
  68  15:27  Siege Tank  
  60  15:33  Hellion x3  
  63  15:37  Cyclone  
  66  15:53  SCV  
  66  15:54  Hellion x3  
  73  15:59  Hellion  
  75  16:05  SCV  
  75  16:10  Cyclone  
  79  16:13  SCV x3  
  79  16:14  Terran Vehicle And Ship Armor Level 2, Terran Vehicle Weapons Level 2  
  79  16:15  Hellion  
  79  16:16  Hellion  
  79  16:17  SCV  
  87  16:19  Advanced Ballistics  
  87  16:21  Liberator x2  
  87  16:25  Siege Tank  
  96  16:31  Infernal Pre-Igniter  
  97  16:36  Mag-Field Accelerator  
  81  17:13  Siege Tank x2  
  81  17:14  Siege Tank x3  
  94  17:21  Factory  
  94  17:22  Factory  
  85  17:25  Starport  
  81  17:34  Liberator x2  
  87  17:41  SCV x2  
  89  17:45  Siege Tank  
  89  17:46  Siege Tank  
  89  17:50  Missile Turret  
  95  17:54  Siege Tank x3  
  98  18:18  Siege Tank x2  
  96  18:42  Cyclone x3  
  96  18:43  Hellion  
  107  19:11  Command Center  
  107  19:21  Hellion  
  107  19:22  Cyclone  
  106  19:37  Hellion  
  73  20:04  Siege Tank x3  
  61  20:36  Siege Tank x3  
  46  21:01  Viking x2  
  46  21:02  Viking x2  
  45  21:31  Viking  
  38  21:57  Viking  
  38  21:58  Viking x2  
  23  22:45  Siege Tank  
Tags
 
Add a new tag
Caveats
  • Supply blocks, unpowered buildings, or Contaminate may cause inaccurate times.
  • Supply counts are checked every 10 seconds.